 Dungeon Crawl Stone Soup version 0.30-a0-137-gd8773701ce (webtiles) character file.

Game seed: 14802407835013006202

1 Darkkill the Chiller (level 1, 0/13 HPs)
             Began as a Demonspawn Wanderer on Sept 23, 2022.
             Slain by a jackal (1 damage)
             ... on level 1 of the Dungeon.
             The game lasted 00:00:41 (23 turns).

Darkkill the Chiller (Demonspawn Wanderer)            Turns: 23, Time: 00:00:42

Health: 0/13       AC:  2    Str:  9    XL:     1   Next: 16%
Magic:  3/3        EV: 11    Int: 14    God:
Gold:   0          SH:  0    Dex: 14    Spells: 3/4 levels left

rFire   . . .      SeeInvis .    a - +0 spear
rCold   . . .      Faith    .    (no shield)
rNeg    . . .      Spirit   .    e - +0 robe
rPois   .          Reflect  .    (no helmet)
rElec   .          Harm     .    (no cloak)
rCorr   .          Rampage  .    (no gloves)
Will    .....                    (no boots)
Stlth   +.........               (no amulet)
HPRegen 0.04/turn                (no ring)
MPRegen 0.08/turn                (no ring)

@: no status effects
A: no striking features
a: no special abilities


You were on level 1 of the Dungeon.
You visited 1 branch of the dungeon, and saw 1 of its levels.

Inventory:

Hand Weapons
 a - a +0 spear (weapon)
 c - a +0 dagger
Missiles
 b - 9 poisoned darts (quivered)
Armour
 e - a +0 robe (worn)


   Skills:
 + Level 1.7 Polearms
 + Level 1.0 Throwing
 + Level 1.0 Armour
 + Level 2.1 Spellcasting
 + Level 3.6 Ice Magic


You had 3 spell levels left.
You knew the following spells:

 Your Spells              Type           Power      Damage    Failure   Level
a - Freeze                Ice            44%        1d6       5%          1

Your spell library contained the following spells:

 Spells                   Type           Power      Damage    Failure   Level
 Frozen Ramparts          Ice            22%        1d4       16%         3
 Ensorcelled Hibernation  Hex/Ice        12%        N/A       17%         2


Dungeon Overview and Level Annotations

Branches:
Dungeon (1/15)

Altars:


Message History

You barely miss the jackal.
The jackal is almost dead.
The jackal closely misses you.
The jackal bites you but does no damage.
The jackal bites you. The frilled lizard barely misses you.
The jackal bites you.
You hit the jackal.
You kill the jackal!
The jackal bites you. The jackal barely misses you.
A jackal comes into view.
The jackal barely misses you. The jackal misses you.
The frilled lizard barely misses you.
You feel better.
The jackal bites you but does no damage.
The jackal bites you. The frilled lizard bites you.
You hit the jackal.
The jackal is moderately wounded.
The jackal bites you but does no damage. x2
The jackal closely misses you.
The jackal bites you but does no damage.
The frilled lizard barely misses you.
The jackal bites you but does no damage.
The jackal barely misses you.
You closely miss the jackal.
The jackal is moderately wounded.
The jackal closely misses you. The jackal bites you.
The jackal closely misses you. The frilled lizard closely misses you.
You hit the jackal but do no damage.
The jackal is moderately wounded.
The jackal bites you but does no damage.
The jackal bites you.
* * * LOW HITPOINT WARNING * * *
The jackal bites you but does no damage.
The frilled lizard bites you but does no damage.
The jackal attacks as you move away!
The jackal bites you but does no damage.
The jackal bites you.
* * * LOW HITPOINT WARNING * * *
The jackal bites you.
You die...

♣♣♣♣♣ ♣♣♣♣♣♣♣♣♣♣
♣♣....♣
♣♣...♣..♣<♣
..♣...♣..♣♣..♣♣..♣
♣. ...♣.♣..♣..♣♣♣
♣. ♣h.♣♣.♣♣♣♣..♣
♣..♣hh♣.♣...♣♣.♣
♣Kl@♣..♣♣♣.♣ ♣♣
♣...♣..♣.♣.♣ ..
♣......♣♣.♣♣.. ♣.♣
...♣... .♣♣ ♣... ♣
.♣..♣...♣ ♣♣♣.♣
.♣...♣. ♣ ♣ .....
♣....♣


You could see 3 jackals, a kobold and a frilled lizard.

Vanquished Creatures
  A jackal (D:1)
1 creature vanquished.

Notes
Turn   | Place    | Note
-------+----------+-------------------------------------------
     0 | D:1      | Darkkill the Demonspawn Wanderer began the quest for the
                  | Orb.
     0 | D:1      | Darkkill set off with the following items: a +0 spear, 9
                  | poisoned darts, a +0 dagger, a potion of curing, a +0 robe;
                  | and the following spell memorised: Freeze; and the
                  | following spells available to memorise: Frozen Ramparts,
                  | Ensorcelled Hibernation.
     0 | D:1      | Reached XP level 1. HP: 13/13 MP: 3/3
    23 | D:1      | Slain by a jackal

Illustrated notes

Levels and vault maps discovered:
D:1:      erik_arrival_cave_to_civilisation [erik_arrival_cave_to_temple],
          layout_basic, nicolae_ecumenical_snake_handling

Action                   || total
-------------------------++-------
Melee: Spear             ||     9
  Use: Potion            ||     1
Armor: Robe              ||    10
Dodge: Dodged            ||    20

Table legend: (Time is in decaauts)
 A = Elapsed time spent in this place.
 B = Non-inter-level travel time spent in this place.
 C = Inter-level travel time spent in this place.
 D = Time resting spent in this place.
 E = Time spent auto-exploring this place.
 F = Levels seen in this place.
 G = Mean time per level.
                   A        B        C        D        E       F      G
               +--------+--------+--------+--------+--------+-----+--------+
         Total |     23 |     20 |      3 |      0 |      0 |   1 |   23.0 |
       Dungeon |     23 |     20 |      3 |      0 |      0 |   1 |   23.0 |
               +--------+--------+--------+--------+--------+-----+--------+

Top non-repeatable levels by time:
     D:1: 23 daAuts
